 Dungeon Crawl Stone Soup version 0.31-a0-164-g2312942fda (webtiles) character file.

Game seed: 17367837638645957171

5446 qw the Cleaver (level 10, -2/66 HPs)
             Began as a Gargoyle Fighter on June 13, 2023.
             Was a Priest of Okawaru.
             Slain by a gnoll sergeant
             ... wielding a +2 spear of flaming
              (5 damage)
             ... on level 8 of the Dungeon.
             The game lasted 00:03:40 (6237 turns).

qw the Cleaver (Gargoyle Fighter)                   Turns: 6237, Time: 00:03:41

Health: -2/66      AC: 27    Str: 24    XL:     10   Next: 68%
Magic:  12/13      EV: 14    Int:  9    God:    Okawaru [***...]
Gold:   509        SH:  6    Dex:  9    Spells: 9/9 levels left

rFire   . . .        Y - +3 broad axe (heavy)
rCold   . . .        c - +0 buckler
rNeg    + . .        j - +0 plate armour
rPois   inf          w - +0 helmet
rElec   +            m - +0 cloak
rCorr   .            (no gloves)
SInv    +            g - +0 pair of boots
Will    .....        (no amulet) Stlth
                     e - +5 ring of evasion
HPRegen 0.31/turn    r - ring of see invisible
MPRegen 0.13/turn

%: no passive effects
@: about to teleport, heroic
A: sickness immunity, AC +7, negative energy resistance 1, electricity
resistance, torment resistance 1, petrification resistance
a: Renounce Religion, Heroism


You were on level 8 of the Dungeon.
You worshipped Okawaru.
Okawaru was most pleased with you.
You visited 2 branches of the dungeon, and saw 9 of its levels.

You collected 563 gold pieces.
You spent 54 gold pieces at shops.


Innate Abilities, Weirdness & Mutations

You are immune to sickness and miasma.
Your stone body is resilient. (AC +7)
You are immune to poison.
You resist negative energy. (rN+)
You are resistant to electric shocks. (rElec)
You are resistant to unholy torment.
You are immune to petrification.


   Skills:
 - Level 9.0(14.0) Fighting
 + Level 11.2(16.2) Axes
 - Level 1.0(6.0) Throwing
 - Level 8.0(13.0) Armour
 - Level 2.0(7.0) Dodging
 - Level 5.2(10.2) Shields
 - Level 4.0 Invocations


You had 9 spell levels left.
You didn't know any spells.
Your spell library was empty.

Inventory:

Hand Weapons
 s - a +1 war axe of flaming
 Y - a +3 heavy broad axe (weapon)
Missiles
 l - a boomerang
Armour
 c - a +0 buckler (worn)
 g - a +0 pair of boots (worn)
 j - a +0 plate armour (worn)
 m - a +0 cloak (worn)
 w - a +0 helmet (worn)
Jewellery
 e - a +5 ring of evasion (left hand)
 r - a ring of see invisible (right hand)
 t - a ring of resist corrosion
Scrolls
 a - 3 scrolls of identify
Potions
 b - 2 potions of haste
 d - 3 potions of might
 f - 3 potions of mutation
 h - a potion of lignification
 i - a potion of resistance
 k - 2 potions of curing
 n - a potion of enlightenment {unknown}
 o - a potion of heal wounds {unknown}
 q - 3 potions of attraction {unknown}

Dungeon Overview and Level Annotations

Branches:
Dungeon (8/15)             Temple (1/1) D:4            Lair (0/5) D:8

Altars:
Ashenzari
Cheibriados
Dithmenos
Elyvilon
Fedhas
Gozag
Hepliaklqana
Kikubaaqudgha
Makhleb
Nemelex Xobeh
Okawaru
Qazlal
Ru
Sif Muna
Trog
Uskayaw
Vehumet
Wu Jian
Xom
Yredelemnul
Zin
The Shining One

Shops:
D:4 (   D:7 *[


Message History

The gnoll is almost dead.
You hit the orc priest. The orc priest barely misses you.
The gnoll closely misses you.
The gnoll sergeant hits you but does no damage.
You block the orc priest's attack.
The gnoll sergeant hits you but does no damage.
The gnoll hits you but does no damage.
You slice the gnoll like a ripe choko!!!
You kill the gnoll!
Okawaru accepts your kill.
You hit the orc priest but do no damage.
The orc priest invokes the aid of Beogh against you.
Pain shoots through your body!
The gnoll sergeant hits you from afar with a +2 spear of flaming.
The gnoll sergeant burns you.
You carve the orc priest like a ham!!!
You kill the orc priest!
Okawaru accepts your kill.
You slash the orc priest! The gnoll sergeant barely misses you.
The orc priest mumbles some strange prayers to Beogh against you.
Beogh smites you!
6234 ||| READING scroll of teleportation.
As you read the scroll of teleportation, it crumbles to dust.
You feel strangely unstable. You block the orc priest's attack.
The gnoll sergeant misses you.
You barely miss the orc priest.
The orc priest is severely wounded.
The gnoll sergeant hits you but does no damage.
You block the orc priest's attack.
You closely miss the orc priest.
The orc priest is severely wounded.
The gnoll sergeant hits you but does no damage.
You block the orc priest's attack.
You slice the orc priest!!
You kill the orc priest!
Okawaru accepts your kill. The gnoll sergeant closely misses you.
The gnoll sergeant hits you from afar with a +2 spear of flaming.
You die...

.................#
.................#
.................#
.................#
.................###
.......####........#
.......# #.....8..#
######## ####.....#
###@### #)))# #.g.#
#...# #####


You could see a gnoll sergeant.

Vanquished Creatures
  Pikel (D:5)
  A wyvern (D:8)
  2 steam dragons
  A basilisk (D:8)
  Eustachio (D:5)
  Menkaure (D:5)
  Duvessa (D:6)
  3 water moccasins (D:8)
  An ice beast (D:6)
  A sky beast (D:8)
  4 black bears
  3 orc warriors
  4 wolves (D:8)
  A centaur (D:5)
  3 lemures (D:5)
  2 phantoms
  4 bullfrogs
  4 kobold brigands
  7 scorpions
  Dowan (D:6)
  2 howler monkeys (D:5)
  7 hounds
  6 orc priests
  4 jellies
  A gnoll bouda (D:5)
  3 iguanas
  9 orc wizards
  Terence (D:2)
  9 adders
  18 gnolls
  A shadow imp (D:7)
  2 white imps
  3 ufetubi (D:5)
  2 worms
  2 dart slugs
  27 orcs
  10 ball pythons
  4 endoplasms
  2 giant cockroaches
  5 goblins
  5 hobgoblins
  6 jackals (D:1)
  19 kobolds
  4 quokkas
  6 bats
  3 frilled lizards (D:2)
  2 rats
209 creatures vanquished.

Notes
Turn   | Place    | Note
-------+----------+-------------------------------------------
     0 | D:1      | qw the Gargoyle Fighter began the quest for the Orb.
     0 | D:1      | Reached XP level 1. HP: 14/14 MP: 1/1
     0 | D:1      | 0 ||| qw: Version: 0.2-a-29-gc1b59c4
     0 | D:1      | 0 ||| qw: Game counter: 4537
     0 | D:1      | 0 ||| qw: Always use a shield: true
     0 | D:1      | 0 ||| qw: God list: Okawaru
     0 | D:1      | 0 ||| qw: Allow faded altars: false
     0 | D:1      | 0 ||| qw: Do Orc after D:15 true
     0 | D:1      | 0 ||| qw: Do second Lair branch before Depths: true
     0 | D:1      | 0 ||| qw: Lair rune preference: random
     0 | D:1      | 0 ||| qw: Plans: Normal, Zot:1-4, Slime:5, God:TSO, Crypt,
                  | Tomb, Abyss, Pan, Hells, Win
     0 | D:1      | 0 ||| PLANNING D:1-11
    34 | D:1      | Reached skill level 2 in Axes
    37 | D:1      | 37 ||| Stepping ~*~*~tactically~*~*~ (stealth).
    40 | D:1      | 40 ||| Stepping ~*~*~tactically~*~*~ (stealth).
    71 | D:1      | Reached XP level 2. HP: 19/19 MP: 2/2
   183 | D:1      | Reached skill level 3 in Axes
   223 | D:1      | Reached XP level 3. HP: 23/23 MP: 3/3
   531 | D:1      | 531 ||| UPGRADING to +5 ring of evasion.
   532 | D:1      | 532 ||| READING 3 scrolls labelled MYALIAKYCA.
   533 | D:1      | 533 ||| READING scroll labelled WOABIS ADGHEWK.
   534 | D:1      | 534 ||| DROPPING +0 whip.
   535 | D:1      | 535 ||| DROPPING +1 whip of pain.
   536 | D:1      | 536 ||| READING scroll labelled VIALUSTR GUNID.
   537 | D:1      | 537 ||| READING scroll labelled OCZILU ZOTUESI.
   580 | D:2      | 580 ||| Stepping ~*~*~tactically~*~*~ (stealth).
   796 | D:2      | Reached XP level 4. HP: 28/28 MP: 4/4
   831 | D:2      | Noticed Terence
   832 | D:2      | 832 ||| Stepping ~*~*~tactically~*~*~ (hiding).
   841 | D:2      | Killed Terence
   842 | D:2      | Reached skill level 4 in Axes
  1057 | D:2      | Found a shimmering blue altar of Sif Muna.
  1101 | D:2      | 1101 ||| UPGRADING to ring of resist corrosion.
  1102 | D:2      | 1102 ||| READING scroll labelled WUSIETUIMN.
  1203 | D:2      | 1203 ||| READING 3 scrolls of identify.
  1203 | D:2      | 1203 ||| IDENTIFYING lumpy coppery potion
  1204 | D:2      | 1204 ||| DRINKING potion of experience.
  1204 | D:2      | Reached skill level 11 in Axes
  1204 | D:2      | Reached XP level 5. HP: 32/32 MP: 5/5
  1205 | D:2      | 1205 ||| READING 2 scrolls of identify.
  1205 | D:2      | 1205 ||| IDENTIFYING smoky black potion
  1206 | D:2      | 1206 ||| DROPPING potion of berserk rage.
  1650 | D:3      | 1650 ||| Stepping ~*~*~tactically~*~*~ (hiding).
  1714 | D:3      | 1714 ||| Stepping ~*~*~tactically~*~*~ (hiding).
  1845 | D:3      | Reached XP level 6. HP: 37/37 MP: 6/6
  1886 | D:3      | 1886 ||| Stepping ~*~*~tactically~*~*~ (hiding).
  1945 | D:3      | Found a sparkling altar of Nemelex Xobeh.
  1945 | D:3      | Found a shimmering altar of Xom.
  2185 | D:3      | 2185 ||| UPGRADING to +0 pair of boots.
  2190 | D:3      | 2190 ||| READING scroll labelled ZUG UPPIOREGA.
  2195 | D:3      | 2195 ||| READING scroll labelled YVETHA ZIASU.
  2196 | D:3      | 2196 ||| DRINKING 2 coppery potions.
  2197 | D:3      | 2197 ||| DROPPING potion of degeneration.
  2238 | D:4      | 2238 ||| Stepping ~*~*~tactically~*~*~ (hiding).
  2373 | D:4      | 2373 ||| Stepping ~*~*~tactically~*~*~ (stealth).
  2419 | D:4      | Reached XP level 7. HP: 44/44 MP: 7/7
  2426 | D:4      | 2426 ||| Stepping ~*~*~tactically~*~*~ (stealth).
  2428 | D:4      | 2428 ||| Stepping ~*~*~tactically~*~*~ (stealth).
  2430 | D:4      | 2430 ||| Stepping ~*~*~tactically~*~*~ (stealth).
  2453 | D:4      | 2453 ||| FLEEEEING.
  2454 | D:4      | 2454 ||| FLEEEEING.
  2455 | D:4      | 2455 ||| FLEEEEING.
  2456 | D:4      | 2456 ||| FLEEEEING.
  2457 | D:4      | 2457 ||| FLEEEEING.
  2458 | D:4      | 2458 ||| FLEEEEING.
  2459 | D:4      | 2459 ||| FLEEEEING.
  2460 | D:4      | 2460 ||| FLEEEEING.
  2461 | D:4      | 2461 ||| FLEEEEING.
  2462 | D:4      | 2462 ||| FLEEEEING.
  2463 | D:4      | 2463 ||| FLEEEEING.
  2464 | D:4      | 2464 ||| FLEEEEING.
  2465 | D:4      | 2465 ||| FLEEEEING.
  2466 | D:4      | 2466 ||| FLEEEEING.
  2467 | D:4      | 2467 ||| FLEEEEING.
  2468 | D:4      | 2468 ||| STAIRDANCE
  2486 | D:3      | 2486 ||| UPGRADING to +0 chain mail.
  2496 | D:3      | 2496 ||| DROPPING +0 scale mail.
  2528 | D:4      | Found a staircase to the Ecumenical Temple.
  2529 | D:4      | 2529 ||| PLANNING TEMPLE
  2539 | Temple   | Entered the Ecumenical Temple
  2551 | Temple   | 2551 ||| PLANNING OKAWARU WORSHIP
  2683 | Temple   | Became a worshipper of Warmaster Okawaru
  2683 | Temple   | 2683 ||| PLANNING D:1-11
  2763 | D:4      | 2763 ||| Stepping ~*~*~tactically~*~*~ (stealth).
  2794 | D:4      | Found Ishret's Weapon Emporium.
  2880 | D:4      | 2880 ||| Stepping ~*~*~tactically~*~*~ (hiding).
  2882 | D:4      | 2882 ||| Stepping ~*~*~tactically~*~*~ (hiding).
  2883 | D:4      | 2883 ||| Stepping ~*~*~tactically~*~*~ (hiding).
  2885 | D:4      | 2885 ||| Stepping ~*~*~tactically~*~*~ (hiding).
  2886 | D:4      | 2886 ||| Stepping ~*~*~tactically~*~*~ (hiding).
  3000 | D:4      | 3000 ||| Stepping ~*~*~tactically~*~*~ (hiding).
  3133 | D:4      | 3133 ||| READING scroll labelled COFOSANNAT.
  3139 | D:5      | Entered Level 5 of the Dungeon
  3140 | D:5      | 3140 ||| PLANNING OSSUARY
  3162 | D:5      | 3162 ||| Stepping ~*~*~tactically~*~*~ (stealth).
  3164 | D:5      | Noticed Pikel
  3165 | D:5      | 3165 ||| Stepping ~*~*~tactically~*~*~ (stealth).
  3166 | D:5      | 3166 ||| Stepping ~*~*~tactically~*~*~ (stealth).
  3197 | D:5      | Killed Pikel
  3197 | D:5      | Reached * piety under Okawaru
  3198 | D:5      | Reached XP level 8. HP: 24/53 MP: 8/8
  3329 | D:5      | 3329 ||| Stepping ~*~*~tactically~*~*~ (hiding).
  3330 | D:5      | 3330 ||| Stepping ~*~*~tactically~*~*~ (hiding).
  3332 | D:5      | Noticed Eustachio
  3333 | D:5      | 3333 ||| INVOKING Heroism.
  3338 | D:5      | Reached skill level 1 in Dodging
  3347 | D:5      | 3347 ||| INVOKING Heroism.
  3354 | D:5      | Reached skill level 1 in Invocations
  3357 | D:5      | Killed Eustachio
  3458 | D:5      | Found a blossoming altar of Fedhas.
  3459 | D:5      | Noticed Menkaure
  3465 | D:5      | Identified the +12 hand axe of the Bear {venom, rF+ Dex+3}
  3467 | D:5      | 3467 ||| INVOKING Heroism.
  3473 | D:5      | Killed Menkaure
  3748 | D:5      | 3748 ||| RIP OSSUARY
  3752 | D:5      | 3752 ||| PLANNING D:1-11
  3760 | D:5      | Reached skill level 3 in Invocations
  3786 | D:5      | Reached XP level 9. HP: 57/57 MP: 11/11
  4281 | D:5      | 4281 ||| Stepping ~*~*~tactically~*~*~ (stealth).
  4283 | D:5      | 4283 ||| Stepping ~*~*~tactically~*~*~ (hiding).
  4284 | D:5      | 4284 ||| Stepping ~*~*~tactically~*~*~ (hiding).
  4547 | D:5      | 4547 ||| READING scroll labelled YHAASO AQIRAMA.
  4548 | D:5      | 4548 ||| READING scroll labelled FAT MIH DISUVE.
  4548 | D:5      | Identified a scroll of acquirement
  4548 | D:5      | 4548 ||| ACQUIRING +3 heavy broad axe
  4548 | D:5      | Acquired a +3 heavy broad axe
  4550 | D:5      | 4550 ||| SWAPPING to +3 heavy broad axe.
  4551 | D:5      | 4551 ||| DROPPING +12 hand axe of the Bear {venom, rF+
                  | Dex+3}.
  4552 | D:5      | 4552 ||| READING scroll labelled YTTEOWN RUILE.
  4553 | D:5      | 4553 ||| READING 4 scrolls of identify.
  4553 | D:5      | 4553 ||| IDENTIFYING silvery potion
  4554 | D:5      | 4554 ||| READING 3 scrolls of identify.
  4554 | D:5      | 4554 ||| IDENTIFYING glowing coppery potion
  4555 | D:5      | 4555 ||| READING 2 scrolls of identify.
  4555 | D:5      | 4555 ||| IDENTIFYING bubbling red potion
  4603 | D:6      | 4603 ||| INVOKING Heroism.
  4636 | D:6      | 4636 ||| INVOKING Heroism.
  4794 | D:6      | 4794 ||| Stepping ~*~*~tactically~*~*~ (stealth).
  4903 | D:6      | Noticed Dowan
  4904 | D:6      | Noticed Duvessa
  4904 | D:6      | 4904 ||| INVOKING Heroism.
  4906 | D:6      | 4906 ||| Stepping ~*~*~tactically~*~*~ (hiding).
  4908 | D:6      | 4908 ||| Stepping ~*~*~tactically~*~*~ (hiding).
  4910 | D:6      | Killed Duvessa
  4913 | D:6      | Reached ** piety under Okawaru
  4919 | D:6      | Killed Dowan
  4951 | D:6      | Identified the +1 robe "Eketyk" {Will- Str+3 Int+2}
  4967 | D:6      | 4967 ||| INVOKING Heroism.
  4968 | D:6      | 4968 ||| Stepping ~*~*~tactically~*~*~ (cloud).
  4977 | D:6      | 4977 ||| Stepping ~*~*~tactically~*~*~ (cloud).
  5309 | D:6      | 5309 ||| UPGRADING to +0 cloak.
  5314 | D:6      | 5314 ||| UPGRADING to ring of see invisible.
  5316 | D:6      | 5316 ||| READING scroll labelled QAYVAU NEUTZEU.
  5317 | D:6      | 5317 ||| READING 2 scrolls of identify.
  5317 | D:6      | 5317 ||| IDENTIFYING lumpy grey potion
  5341 | D:7      | Found Piuxze Kuoh's Elemental Accessories.
  5351 | D:7      | 5351 ||| INVOKING Heroism.
  5361 | D:7      | 5361 ||| Stepping ~*~*~tactically~*~*~ (stealth).
  5362 | D:7      | 5362 ||| Stepping ~*~*~tactically~*~*~ (stealth).
  5463 | D:7      | 5463 ||| INVOKING Heroism.
  5496 | D:7      | 5496 ||| Stepping ~*~*~tactically~*~*~ (stealth).
  5498 | D:7      | 5498 ||| Stepping ~*~*~tactically~*~*~ (stealth).
  5500 | D:7      | 5500 ||| Stepping ~*~*~tactically~*~*~ (stealth).
  5502 | D:7      | 5502 ||| INVOKING Heroism.
  5550 | D:7      | 5550 ||| Stepping ~*~*~tactically~*~*~ (hiding).
  5551 | D:7      | 5551 ||| Stepping ~*~*~tactically~*~*~ (hiding).
  5557 | D:7      | 5557 ||| INVOKING Heroism.
  5563 | D:7      | Reached XP level 10. HP: 64/64 MP: 10/13
  5564 | D:7      | 5564 ||| Stepping ~*~*~tactically~*~*~ (hiding).
  5569 | D:7      | 5569 ||| Stepping ~*~*~tactically~*~*~ (hiding).
  5620 | D:7      | 5620 ||| Stepping ~*~*~tactically~*~*~ (hiding).
  5655 | D:7      | 5655 ||| Stepping ~*~*~tactically~*~*~ (stealth).
  5665 | D:7      | Reached skill level 6 in Armour
  5758 | D:7      | 5758 ||| Stepping ~*~*~tactically~*~*~ (stealth).
  5802 | D:7      | Found a bloodstained altar of Trog.
  5802 | D:7      | Found a glowing golden altar of the Shining One.
  5950 | D:7      | Found Joly's Armour Boutique.
  5962 | D:7      | 5962 ||| BUYING +0 helmet (54 gold).
  5962 | D:7      | Bought a +0 helmet for 54 gold pieces
  5988 | D:7      | 5988 ||| UPGRADING to +0 plate armour.
  5998 | D:7      | 5998 ||| DROPPING +0 chain mail.
  5999 | D:7      | 5999 ||| UPGRADING to +0 helmet.
  6004 | D:7      | 6004 ||| DROPPING ring of wizardry.
  6005 | D:7      | 6005 ||| READING 2 scrolls of identify.
  6005 | D:7      | 6005 ||| IDENTIFYING lumpy amethyst potion
  6046 | D:8      | 6046 ||| INVOKING Heroism.
  6047 | D:8      | 6047 ||| Stepping ~*~*~tactically~*~*~ (cloud).
  6052 | D:8      | 6052 ||| Stepping ~*~*~tactically~*~*~ (stealth).
  6057 | D:8      | Reached skill level 1 in Throwing
  6069 | D:8      | 6069 ||| INVOKING Heroism.
  6094 | D:8      | Found a staircase to the Lair.
  6106 | D:8      | 6106 ||| Stepping ~*~*~tactically~*~*~ (stealth).
  6119 | D:8      | Reached *** piety under Okawaru
  6143 | D:8      | 6143 ||| Stepping ~*~*~tactically~*~*~ (hiding).
  6144 | D:8      | 6144 ||| Stepping ~*~*~tactically~*~*~ (hiding).
  6147 | D:8      | 6147 ||| INVOKING Heroism.
  6178 | D:8      | 6178 ||| Stepping ~*~*~tactically~*~*~ (stealth).
  6179 | D:8      | 6179 ||| Stepping ~*~*~tactically~*~*~ (stealth).
  6228 | D:8      | 6228 ||| INVOKING Heroism.
  6231 | D:8      | Reached skill level 9 in Fighting
  6233 | D:8      | HP: 2/66 [orc priest/divine providence (17)]
  6234 | D:8      | 6234 ||| READING scroll of teleportation.
  6237 | D:8      | Slain by a gnoll sergeant

Levels and vault maps discovered:
D:1:      ldierk_walled_garden_2, layout_rooms
D:2:      layout_basic, basic_altar, uniq_terence
D:3:      layout_loops_corners, gammafunk_temple_overflow_wave,
          nicolae_figureground_sparkle
D:4:      layout_rooms, minmay_temple_entry_statues, serial_shops,
          nicolae_shop_statue_plus
D:5:      layout_cave_pods, amcnicky_altar_gilded, enter_ossuary_2,
          minmay_joined_circles, uniq_pikel, uniq_menkaure, uniq_eustachio
D:6:      layout_loops_ring, uniq_duvessa
D:7:      layout_rooms, jmf_multi_god_temple, serial_shops,
          nicolae_shop_tiny_real_fake_doors, nicolae_elemental_shop, nrook_uturn
D:8:      layout_basic, minmay_lair_entry_grove, serial_shops, shop,
          hangedman_decor_slide_cut, david_defended_altar_orc
Temple:   nicolae_temple_bog_church

Skill      XL: |  1  2  3  4  5  6  7  8  9 10 |
---------------+-------------------------------+-----
Axes           | 2 3 11 | 11.2
Fighting       | 4 7 8 9 |  9.0
Dodging        | 1 2 |  2.0
Invocations    | 3 4 |  4.0
Armour         | 4 5 8 |  8.0
Shields        | 4 5 |  5.2
Throwing       | 1 |  1.0

Action                     |  1- 3 |  4- 6 |  7- 9 | 10-12 || total
---------------------------+-------+-------+-------+-------++-------
  Melee: War axe           |    91 |   122 |   167 |       ||   380
         Broad axe         |       |       |    66 |    91 ||   157
  Throw: Boomerang         |       |     3 |       |    11 ||    14
 Invoke: Heroism           |       |       |    11 |     4 ||    15
    Use: Scroll            |     4 |     5 |     9 |     2 ||    20
         Potion            |       |     2 |       |       ||     2
 Armour: Scale mail        |    59 |    30 |     1 |       ||    90
         Skin              |       |     2 |       |       ||     2
         Chain mail        |       |       |    89 |    19 ||   108
         Plate armour      |       |       |       |    52 ||    52
  Dodge: Dodged            |    55 |    59 |   118 |    56 ||   288
  Block: Buckler           |    20 |    20 |    51 |    48 ||   139

Table legend:
 A = Non-vault XP
 B = Vault XP
 C = Vault XP percentage of total XP
 D = Non-vault monster count
 E = Vault monster count
 F = Vault count percentage of total count
                 A         B        C        D         E       F
            +---------+---------+-------+---------+---------+-------
      Total |    4350 |    3348 |  43.5 |     172 |      34 |  16.5
            +---------+---------+-------+---------+---------+-------
        D:1 |      44 |       0 |   0.0 |      26 |       0 |   0.0
        D:2 |      54 |      32 |  37.2 |      16 |       1 |   5.9
        D:3 |     135 |       0 |   0.0 |      19 |       0 |   0.0
        D:4 |     367 |       0 |   0.0 |      32 |       0 |   0.0
        D:5 |     664 |    1247 |  65.3 |      21 |      14 |  40.0
        D:6 |     971 |     224 |  18.7 |      12 |       2 |  14.3
        D:7 |    1335 |     107 |   7.4 |      34 |       2 |   5.6
        D:8 |     780 |    1738 |  69.0 |      12 |      15 |  55.6
            +---------+---------+-------+---------+---------+-------
